 Dungeon Crawl Stone Soup version 0.27-a0-1189-gb8eb6cee8e (webtiles) character file.

Game seed: 9630561193767823350

3 Essalna the Magician (level 1, 0/16 HPs)
             Began as a Djinni Hedge Wizard on May 23, 2021.
             Slain by a goblin
             ... wielding a +0 club
              (3 damage)
             ... on level 1 of the Dungeon.
             The game lasted 00:01:08 (231 turns).

Essalna the Magician (Djinni Hedge Wizard)           Turns: 231, Time: 00:01:08

Health: 0/16       AC:  3    Str:  9    XL:     1   Next: 55%
Gold:   0          EV: 12    Int: 15    God:
                   SH:  0    Dex: 12

rFire    + + .     SeeInvis .   a - +0 dagger
rCold    x . .     Faith    .   (no shield)
rNeg     . . .     Spirit   .   b - +0 robe
rPois    ∞         Reflect  .   c - +0 hat
rElec    .         Harm     .   (no cloak)
rCorr    .         Rampage  .   e - +0 pair of gloves
Will     .....                  (boots unavailable)
Stlth    ++........             (no amulet)
HPRegen  0.05/turn              (no ring)
MPRegen  0.00/turn              (no ring)

@: flying
A: sickness immunity, fire resistance 2, cold vulnerability 1, float, innate
caster, hp casting, extra vitality 1
a: no special abilities


You were on level 1 of the Dungeon.
You visited 1 branch of the dungeon, and saw 1 of its levels.

Inventory:

Hand Weapons
 a - a +0 dagger (weapon)
Armour
 b - a +0 robe (worn)
 c - a +0 hat (worn)
 e - a +0 pair of gloves (worn)


   Skills:
 + Level 0.5 Fighting
 - Level 2.1 Dodging
 - Level 1.5 Stealth
 + Level 2.5 Spellcasting


You couldn't memorise any spells.
You knew the following spells:

 Your Spells              Type           Power      Damage    Failure   Level
a - Magic Dart            Conj           36%        1d4       8%          1
b - Blink                 Tloc           N/A        N/A       12%         2
c - Call Imp              Summ           9%         N/A       12%         2
d - Slow                  Hex            9%         N/A       12%         2
e - Conjure Flame         Conj/Fire      9%         6-21      22%         3
f - Mephitic Cloud        Conj/Pois/Air  9%         N/A       22%         3
Your spell library was empty.

Dungeon Overview and Level Annotations

Branches:
Dungeon (1/15)

Altars:


Innate Abilities, Weirdness & Mutations

You are immune to sickness and miasma.
You are immune to poison.
Your flesh is very heat resistant. (rF++)
You are vulnerable to cold. (rC-)
You float through the air rather than walking.
You learn spells naturally, not from books.
Your magical power is your life essence.
You have superior vitality. (+4 HP)


Message History

You are too injured to fight recklessly!
You are too injured to fight recklessly!
Found 9 gold pieces.
You see here 9 gold pieces.
Found a grey potion.
A goblin comes into view. It is wielding a +0 club.
A bat and a hobgoblin come into view.
The goblin shouts!
The hobgoblin shouts!
A bat comes into view.
The hobgoblin closely misses you. The bat hits you but does no damage.
The hobgoblin barely misses you.
You aren't carrying any scrolls.
It was a potion of flight.
You feel more buoyant. The bat closely misses you.
You barely miss the bat. The bat barely misses you.
The hobgoblin hits you but does no damage.
You hit the hobgoblin but do no damage. The bat closely misses you.
The hobgoblin completely misses you.
Save game and exit?
Welcome back, Essalna the Djinni Hedge Wizard.
Press ? for a list of commands and other information.
The bat barely misses you. The hobgoblin closely misses you. The bat hits you.
The bat hits you but does no damage. The rat bites you.
The hobgoblin hits you but does no damage.
The bat hits you but does no damage. The bat barely misses you.
The rat bites you but does no damage.
The hobgoblin hits you but does no damage.
The bat closely misses you. The rat barely misses you.
The goblin hits you with a +0 club. The hobgoblin closely misses you.
The bat barely misses you. The bat misses you. The rat completely misses you.
The hobgoblin barely misses you. The goblin barely misses you.
The bat hits you. The bat hits you but does no damage.
The goblin hits you but does no damage. The bat hits you but does no damage.
The rat bites you. The goblin barely misses you. The hobgoblin hits you.
* * * LOW HITPOINT WARNING * * *
The goblin hits you with a +0 club.
You die...

##.#. #....###...
#+#. #....###g..
#.#.##........#.
...##.g..##...
#.##.#####.##
##..r.# ..##
######....#####[##
#bg.##.$.....##.
#.@r#...........
#.gg...........#
#.b........##..#
#..........# .##
#####......# #
.........
..........#
.......!...
..........


You could see a hobgoblin, 2 goblins, 2 bats and a rat.

Vanquished Creatures
  A goblin (D:1)
  A hobgoblin (D:1)
  A rat (D:1)
3 creatures vanquished.

Notes
Turn   | Place    | Note
-------+----------+-------------------------------------------
     0 | D:1      | Essalna the Djinni Hedge Wizard began the quest for the
                  | Orb.
     0 | D:1      | Reached XP level 1. HP: 15/15 MP: 0/0
   231 | D:1      | Slain by a goblin

Illustrated notes

Levels and vault maps discovered:
D:1:      mrwooster_arrival_arrow, layout_rooms

Action                   || total
-------------------------++-------
Melee: Dagger            ||     5
 Cast: Magic Dart        ||    11
  Use: Potion            ||     1
Armor: Robe              ||    10
Dodge: Dodged            ||    20

Table legend: (Time is in decaauts)
 A = Elapsed time spent in this place.
 B = Non-inter-level travel time spent in this place.
 C = Inter-level travel time spent in this place.
 D = Time resting spent in this place.
 E = Time spent auto-exploring this place.
 F = Levels seen in this place.
 G = Mean time per level.
                   A        B        C        D        E       F      G
               +--------+--------+--------+--------+--------+-----+--------+
         Total |    231 |    231 |      0 |      0 |    168 |   1 |  231.0 |
       Dungeon |    231 |    231 |      0 |      0 |    168 |   1 |  231.0 |
               +--------+--------+--------+--------+--------+-----+--------+

Top non-repeatable levels by time:
     D:1: 231 daAuts
